Map: Dusk Towers

Players

capac

  • Race: Terran Terran
  • League: Gold

Ctronic - Winner!

  • Race: Protoss Protoss
  • League: Silver

VOD

Have the link to the VOD?

Description

Time

  • Played on: April 1, 2016, 12:46 p.m.
  • Length: 19:38
Show
View Real Time Build Order
Export as new Build Order

capac Terran 

Build Orders: MMM Bio 

Get SALT Encoding   

  12  0:01  SCV  
  13  0:13  SCV  
  14  0:18  Supply Depot  
  14  0:25  SCV  
  15  0:40  SCV  
  15  0:41  Barracks  
  16  0:45  Refinery  
  16  0:52  SCV  
  17  1:04  SCV  
  18  1:16  SCV  
  19  1:28  SCV  
  20  1:35  Reaper  
  21  1:40  SCV, Command Center  
  22  1:57  Orbital Command  
  22  2:02  Supply Depot  
  21  2:28  Factory  
  21  2:29  Barracks Reactor  
  21  2:33  Barracks  
  21  2:34  SCV  
  21  2:35  Refinery  
  22  2:46  SCV  
  23  3:06  Marine x2  
  23  3:08  Orbital Command  
  23  3:11  SCV  
  26  3:17  Factory Tech Lab  
  26  3:19  Starport  
  26  3:24  Marine x2  
  28  3:27  Barracks Reactor  
  28  3:30  Barracks Tech Lab  
  28  3:34  SCV x2  
  30  3:42  Marine x2  
  30  3:47  Siege Tank  
  35  3:48  SCV  
  35  3:49  SCV  
  35  3:51  Marine  
  38  3:55  Supply Depot  
  38  3:59  Engineering Bay  
  38  4:01  SCV  
  38  4:02  SCV  
  40  4:06  Refinery  
  40  4:09  Marine x2  
  42  4:10  Marine  
  42  4:14  Medivac  
  45  4:19  SCV x2  
  47  4:30  Supply Depot  
  47  4:31  Marine x3, SCV x2  
  50  4:34  Stimpack  
  52  4:43  SCV x2  
  54  4:52  Medivac  
  56  4:53  Supply Depot  
  56  4:54  Marine x3  
  56  4:56  SCV x2  
  61  5:07  Refinery  
  61  5:08  SCV  
  62  5:14  SCV  
  62  5:15  Supply Depot x2  
  62  5:17  Marine x3  
  62  5:20  Siege Tank, SCV  
  70  5:22  Starport Reactor  
  70  5:37  Supply Depot, SCV  
  70  5:38  Marine x3  
  74  5:46  Command Center  
  74  5:56  SCV  
  74  5:57  SCV  
  70  6:41  Marine x2  
  70  6:42  Marine, Siege Tank  
  70  6:44  Liberator x2  
  70  6:46  Missile Turret  
  71  6:48  Missile Turret  
  71  6:51  Missile Turret  
  71  6:59  Marine x3  
  71  7:00  Barracks  
  77  7:01  Barracks  
  77  7:02  Starport  
  80  7:17  Marine x2  
  80  7:18  SCV x2  
  84  7:28  Liberator  
  84  7:29  Liberator  
  84  7:31  Supply Depot  
  84  7:32  Supply Depot  
  84  7:37  Orbital Command  
  84  7:44  Marine x2  
  84  7:45  Marine  
  84  7:47  Starport Reactor, Command Center  
  84  7:49  Barracks Reactor x2  
  84  7:50  Combat Shields  
  93  7:59  Barracks  
  93  8:03  Supply Depot, Barracks  
  93  8:05  Supply Depot  
  93  8:07  SCV x2  
  93  8:12  SCV  
  96  8:15  Marine x3  
  96  8:19  SCV x2  
  101  8:24  SCV  
  102  8:27  Marine x2  
  102  8:28  Marine x2  
  102  8:31  SCV x2  
  102  8:33  Marine x3  
  102  8:34  Missile Turret  
  111  8:39  Missile Turret  
  114  8:43  Medivac x2  
  114  8:44  Medivac x2  
  114  8:45  Marine x2  
  117  9:02  Marine x6  
  112  9:24  Marine x4  
  112  9:25  Marine x2  
  112  9:26  Barracks Tech Lab  
  112  9:27  Barracks Tech Lab  
  112  9:31  Medivac x3  
  124  9:40  Siege Tank  
  121  9:55  Marine x4  
  121  9:56  Missile Turret  
  125  10:02  Concussive Shells  
  125  10:04  Marauder x3  
  125  10:05  Marine  
  125  10:06  Marine  
  133  10:12  Marine  
  134  10:18  Marine x3  
  137  10:23  Marine x2  
  137  10:25  Marauder x3  
  145  10:30  Marine  
  146  10:35  Marine  
  146  10:40  Liberator x4, Missile Turret  
  153  11:16  Marine x3  
  156  11:49  Marine x8  
  156  11:50  Supply Depot, Marine  
  164  12:07  Marine x3  
  164  12:08  Marauder x3  
  171  12:29  Marauder  
  127  12:42  Liberator x2  
  127  12:43  Liberator x2  
  113  12:49  Marine  
  113  12:50  Marine x6  
  113  12:51  Marine x2  
  102  13:06  Planetary Fortress  
  102  13:07  Marine  
  97  13:25  Liberator  
  97  13:26  Missile Turret  
  97  13:27  SCV x2  
  97  13:28  SCV  
  97  13:31  Refinery  
  97  13:32  Refinery  
  100  13:39  SCV  
  100  13:40  SCV x2  
  100  13:41  Marine x4  
  103  13:42  Marine x2  
  103  13:45  Medivac  
  114  13:52  SCV x3  
  117  14:00  Marauder x2  
  117  14:01  Marauder, Marine x2  
  125  14:12  Medivac x2  
  125  14:15  SCV x2  
  125  14:16  SCV x2  
  133  14:21  Siege Tank  
  136  14:30  Marine  
  137  14:32  Supply Depot  
  134  14:40  Refinery x2  
  134  14:41  SCV x4  
  140  14:45  Marauder  
  140  14:53  Siege Tank  
  140  14:59  Marine x3  
  145  15:00  Marine x3  
  145  15:05  Terran Infantry Weapons Level 1  
  149  15:07  Armory  
  149  15:09  Engineering Bay  
  149  15:17  SCV x4  
  149  15:20  Marine x2  
  149  15:21  Marine x3  
  158  15:41  SCV x3  
  158  15:42  SCV  
  162  15:43  Marine x3  
  162  15:44  Marine x3  
  162  15:45  Marauder x2  
  172  15:55  Liberator x2  
  172  16:12  Medivac x2  
  172  16:52  Marauder x3, Marine  
  172  16:53  Marine x2  
  181  17:03  Marine x3  
  184  17:10  Marine x2  
  184  17:13  Marauder  
  187  17:22  Marine  
  187  17:25  Marine  
  187  17:26  Marauder x2  
  156  17:34  Marauder  
  118  17:47  Marauder  
  118  17:48  Marauder, Marine  
  118  17:49  Marine x5  
  113  17:56  Marauder  
  82  18:06  Marine x2, Liberator x3  
  82  18:07  Marine x3  
  82  18:09  Marauder  
  83  18:18  Marine x3  
  76  18:24  Marine  
  73  18:30  Marauder  
  66  18:36  Marauder x2  
  64  18:45  Marine x5  
  64  18:46  Marine  
  60  18:52  Marauder  
  62  18:57  Marine x2  
  64  19:03  Marine x2  
Show
View Real Time Build Order
Export as new Build Order

Ctronic Protoss - Winner!

Build Orders:  

Get SALT Encoding   

  12  0:00  Probe (Chrono Boost)  
  13  0:11  Probe (Chrono Boost)  
  14  0:18  Pylon  
  14  0:22  Probe (Chrono Boost)  
  15  0:36  Probe (Chrono Boost)  
  15  0:37  Gateway  
  16  0:43  Assimilator  
  16  0:47  Probe (Chrono Boost)  
  17  0:58  Probe (Chrono Boost)  
  18  1:08  Probe (Chrono Boost)  
  19  1:19  Probe (Chrono Boost)  
  19  1:24  Cybernetics Core  
  20  1:29  Probe (Chrono Boost)  
  21  1:41  Probe (Chrono Boost)  
  22  1:47  Nexus  
  22  1:53  Pylon  
  22  1:56  Probe (Chrono Boost)  
  23  2:12  Probe (Chrono Boost), Stalker, Warp Gate  
  26  2:22  Probe (Chrono Boost)  
  26  2:26  Assimilator  
  26  2:33  Probe (Chrono Boost)  
  26  2:34  Robotics Facility  
  27  2:43  Probe (Chrono Boost)  
  28  2:53  Stalker  
  28  2:54  Probe (Chrono Boost)  
  31  3:03  Probe (Chrono Boost)  
  31  3:04  Probe (Chrono Boost)  
  33  3:19  Gateway  
  33  3:23  Gateway x2  
  33  3:24  Observer  
  33  3:26  Probe (Chrono Boost)  
  35  3:28  Stalker  
  35  3:31  Probe (Chrono Boost)  
  38  3:36  Probe (Chrono Boost)  
  39  3:41  Probe (Chrono Boost)  
  39  3:47  Probe (Chrono Boost)  
  41  3:54  Probe (Chrono Boost)  
  42  3:58  Probe (Chrono Boost)  
  43  4:04  Pylon  
  43  4:05  Probe (Chrono Boost), Pylon  
  44  4:13  Forge  
  44  4:16  Twilight Council  
  44  4:19  Probe (Chrono Boost)  
  44  4:22  Probe (Chrono Boost), Immortal  
  50  4:25  Stalker  
  50  4:31  Probe (Chrono Boost)  
  53  4:33  Probe (Chrono Boost)  
  54  4:49  Probe x2 (Chrono Boost)  
  56  4:53  Blink  
  56  4:54  Protoss Ground Weapons Level 1  
  56  4:59  Probe (Chrono Boost)  
  57  5:00  Assimilator  
  57  5:01  Probe (Chrono Boost)  
  57  5:04  Immortal  
  57  5:05  Assimilator  
  62  5:09  Pylon  
  62  5:12  Pylon  
  62  5:19  Pylon  
  62  5:28  Probe x2 (Chrono Boost)  
  64  5:43  Warp Prism  
  64  5:45  Photon Cannon  
  64  5:47  Photon Cannon  
  66  6:04  Nexus  
  63  6:45  Probe x2 (Chrono Boost)  
  63  6:46  Warp Prism  
  67  6:55  Probe (Chrono Boost)  
  67  6:56  Probe (Chrono Boost), Protoss Ground Weapons Level 2  
  67  7:00  Forge  
  69  7:02  Forge  
  69  7:06  Probe (Chrono Boost)  
  70  7:09  Stalker x4  
  70  7:12  Pylon  
  78  7:15  Pylon  
  78  7:18  Probe (Chrono Boost)  
  78  7:19  Probe (Chrono Boost)  
  78  7:21  Pylon  
  80  7:27  Observer  
  81  7:33  Gateway  
  81  7:35  Gateway  
  81  7:38  Gateway  
  81  7:39  Gateway  
  81  7:41  Gateway  
  81  7:44  Gateway  
  81  7:46  Assimilator  
  81  7:49  Pylon  
  81  7:51  Assimilator  
  81  7:52  Photon Cannon  
  81  7:54  Probe x3 (Chrono Boost)  
  81  7:55  Photon Cannon  
  84  8:01  Adept  
  84  8:02  Adept x2  
  84  8:04  Probe (Chrono Boost), Adept  
  84  8:05  Probe x2 (Chrono Boost)  
  95  8:15  Probe x2 (Chrono Boost)  
  97  8:32  Protoss Shields Level 1, Protoss Ground Armor Level 1  
  88  9:21  Warp Prism  
  88  9:23  Templar Archives  
  90  9:35  Stalker  
  90  9:36  Stalker x2  
  90  9:37  Stalker  
  98  9:39  Stalker  
  98  9:42  Stalker  
  90  10:02  High Templar x6  
  90  10:03  High Templar, Psionic Storm  
  104  10:09  Warp Prism  
  106  10:23  Probe (Chrono Boost)  
  106  10:24  Probe x2 (Chrono Boost)  
  106  10:25  Stalker x3  
  115  10:30  Nexus  
  115  10:45  Observer  
  115  10:47  Stalker x4  
  124  10:52  Pylon  
  124  10:56  Pylon x2  
  124  10:58  Pylon  
  124  11:01  Pylon  
  124  11:04  Pylon  
  124  11:10  Immortal  
  124  11:11  Stalker x2  
  129  11:18  Stalker x2  
  129  11:19  Stalker x6  
  141  11:48  Stalker x3  
  141  11:49  Zealot x7  
  147  12:21  Stalker  
  147  12:22  Stalker x6  
  159  12:23  Stalker x3  
  107  12:49  Zealot  
  107  12:50  Zealot x5  
  107  12:51  Zealot x4  
  107  13:21  High Templar x5  
  107  13:22  High Templar x2  
  107  13:23  High Templar x3  
  127  13:32  Archon x3  
  126  13:41  Charge  
  126  13:42  Protoss Ground Weapons Level 3, Protoss Ground Armor Level 2, Protoss Shields Level 2  
  126  14:00  Stalker x2  
  126  14:01  Stalker x5  
  126  14:02  Stalker  
  142  14:27  Stalker  
  142  14:28  Stalker  
  146  14:34  Nexus  
  146  14:50  Zealot x3  
  146  14:51  Zealot x7  
  166  14:56  Nexus  
  152  17:00  Assimilator  
  152  17:04  Pylon, Assimilator  
  152  17:06  Pylon x2  
  152  17:09  Assimilator, Pylon  
  152  17:14  Assimilator  
  102  17:58  Archon  
  88  18:15  Zealot x5  
  88  18:16  Zealot x5  
  98  19:17  Stalker x2  
  98  19:18  Stalker x7  
  98  19:19  Stalker  
Tags
 
Composition
MMM Bio
Matchup
PvT
Add a new tag
Caveats
  • Supply blocks, unpowered buildings, or Contaminate may cause inaccurate times.
  • Supply counts are checked every 10 seconds.